 Dungeon Crawl Stone Soup version 0.21.1 (webtiles) character file.

3025 Yawgmoth the Destroyer (level 9, -1/74 HPs)
             Began as a Naga Wizard on Feb 3, 2018.
             Was a Follower of Vehumet.
             Slain by a two-headed ogre
             ... wielding a +0 giant spiked club
              (19 damage)
             ... on level 8 of the Dungeon.
             The game lasted 01:00:34 (9239 turns).

Yawgmoth the Destroyer (Naga Wizard)                Turns: 9239, Time: 01:00:35

Health: -1/74      AC:  8    Str:  9    XL:     9   Next: 85%
Magic:  19/21      EV:  9    Int: 22    God:    Vehumet [*.....]
Gold:   427        SH:  0    Dex: 10    Spells: 18/25 levels left

rFire    . . .     SeeInvis +   L - +4 quarterstaff (chaos)
rCold    . . .     Gourm    +   (shield currently unavailable)
rNeg     . . .     Faith    .   x - +2 troll leather armour {Purgy}
rPois    +         Spirit   .   b - +0 hat
rElec    .         Reflect  .   M - +0 cloak
rCorr    .         Harm     .   (no gloves)
MR       +....                  (no barding)
Stlth    ++........             p - amulet of the gourmand {Gourm, !d}
HPRegen  0.62/turn              (no ring)
MPRegen  0.17/turn              (no ring)

@: short of breath, very slow
A: large, see invisible, deformed body, poison resistance, slowness 2, slow
metabolism 1, spit poison 1, AC +3
a: Spit Poison, Renounce Religion


You were on level 8 of the Dungeon.
You worshipped Vehumet.
Vehumet was aware of your devotion.
You were very full.

You visited 2 branches of the dungeon, and saw 9 of its levels.
You also visited: Sewer.

You collected 427 gold pieces.

Inventory:

Hand Weapons
 m - a +1 flail of holy wrath
   (You took it off an orc on level 2 of the Dungeon)
 G - a +0 hunting sling
   (You took it off an orc on level 5 of the Dungeon)
 L - a +4 quarterstaff of chaos (weapon)
   (You took it off Crazy Yiuf on level 5 of the Dungeon)
 R - a +1 trident of flaming
   (You took it off a gnoll sergeant on level 8 of the Dungeon)
Missiles
 y - 8 curare-tipped needles
 H - 75 stones (quivered)
Armour
 b - a +0 hat (worn)
 t - a +0 shield
   (You found it on level 5 of the Dungeon)
 x - a +2 troll leather armour (worn) {Purgy}
   (You found it in a sewer)
 M - a +0 cloak (worn)
   (You took it off Crazy Yiuf on level 5 of the Dungeon)
Jewellery
 k - an uncursed ring of teleportation {+/*tele, !d}
   (You found it on level 2 of the Dungeon)
 p - an amulet of the gourmand (around neck) {Gourm, !d}
   (You found it on level 2 of the Dungeon)
Wands
 g - a wand of disintegration (14)
   (You took it off Ijyb on level 5 of the Dungeon)
 q - a wand of random effects (24)
   (You took it off an orc warrior on level 5 of the Dungeon)
 s - a wand of flame (15)
   (You found it on level 8 of the Dungeon)
 J - a wand of scattershot (4)
   (You found it on level 5 of the Dungeon)
Scrolls
 a - a scroll of holy word {unknown}
 e - 2 scrolls of fog
 h - a scroll of torment {unknown}
 r - 4 scrolls of remove curse
 z - a scroll of blinking {!r}
 C - 5 scrolls of teleportation
 N - a scroll of vulnerability {unknown}
Potions
 j - 2 potions of brilliance
 n - 5 potions of might
 o - 4 potions of agility
 u - 2 potions of flight
 v - 2 potions of magic
 w - 2 potions of heal wounds
 A - a potion of ambrosia {unknown}
 D - a potion of degeneration {unknown}
 I - a potion of cancellation
 K - a potion of curing
Books
 c - a book of Minor Magic
Comestibles
 d - 15 rations


   Skills:
 + Level 2.8 Fighting
 + Level 3.1 Staves
 - Level 1.5 Dodging
 - Level 3.0 Stealth
 + Level 8.5 Spellcasting
 + Level 8.7 Conjurations
   Level 1.0 Summonings
   Level 1.0 Translocations
 - Level 2.3 Fire Magic


You had 18 spell levels left.
You knew the following spells:

 Your Spells              Type           Power        Failure   Level  Hunger
a - Magic Dart            Conj           ####         1%          1    None
c - Conjure Flame         Conj/Fire      ####....     3%          3    None
x - Mephitic Cloud        Conj/Pois/Air  ###.....     9%          3    None


Dungeon Overview and Level Annotations

Branches:
Dungeon (8/15)             Temple (1/1) D:5
   Lair: D:8-11

Altars:
Ashenzari
Cheibriados
Dithmenos
Elyvilon
Fedhas
Gozag
Hepliaklqana
Kikubaaqudgha
Makhleb
Nemelex Xobeh
Qazlal
Ru
Sif Muna
Trog
Uskayaw
Vehumet
Wu Jian
Xom
Yredelemnul
Zin

Shops:
D:4 =

Annotations:
D:1 1 runed door


Innate Abilities, Weirdness & Mutations

You cannot wear boots.
Your serpentine skin is tough. (AC +3)
You have supernaturally acute eyesight. (SInv)
Armour fits poorly on your strangely shaped body.
Your system is resistant to poisons. (rPois)
You cover ground very slowly.
You have a slow metabolism.
You can spit poison.


Message History

The magic dart hits the gnoll sergeant.
You now have 16/21 mp.
Aim: a gnoll sergeant, wielding a trident of flaming and wearing a ring mail (noxious fumes, severely wounded, poisoned, confused)
The magic dart hits the gnoll sergeant.
The gnoll sergeant is engulfed in noxious fumes.
The gnoll sergeant appears confused.
Aim: a gnoll sergeant, wielding a trident of flaming and wearing a ring mail (almost dead, poisoned, confused)
The magic dart hits the gnoll sergeant.
You now have 15/21 mp.
Aim: a gnoll sergeant, wielding a trident of flaming and wearing a ring mail (noxious fumes, almost dead, poisoned, confused)
You throw a stone.
The stone hits the gnoll sergeant but does no damage.
You have got your breath back.
You kill the gnoll sergeant!
Vehumet accepts your kill.
You feel your power returning.
R - a trident of flaming;
H - 61 stones (gained 1)
Things that are here:
a ring mail; a gnoll corpse
S - a ring mail Wield which item (- for none, * to show all)? (? for menu, Esc to quit)
Your +1 trident of flaming bursts into flame!
R - a +1 trident of flaming (weapon)
Wield which item (- for none, * to show all)? (? for menu, Esc to quit)
Your +1 trident of flaming stops flaming.
Your +4 quarterstaff of chaos is briefly surrounded by a scintillating aura of random colours.
L - a +4 quarterstaff of chaos (weapon)
Drop what? 45/52 slots (_ for help) (? for menu, Esc to quit)
You drop a +2 mace of protection.
You drop a glowing mace.
You drop a short sword of electrocution.
You drop an enchanted dagger.
You drop an uncursed halberd.
You drop a flail of protection.
You drop a short sword of venom.
Drop what? 38/52 slots (_ for help) (? for menu, Esc to quit)
You drop a shiny ring mail.
You drop a ring mail.
As you read the scroll of identify, it crumbles to dust.
I - a potion of cancellation
H - 76 stones (gained 15)
Found a stone staircase leading down.
MP restored: 21 You now have enough gold to buy an uncursed ring of wizardry on D:4.
You now have 396 gold pieces (gained 11).
Found a stone staircase leading down.
There is a stone staircase leading down here.
You now have 410 gold pieces (gained 14).
e - 2 scrolls of fog (gained 1)
d - 15 rations (gained 1)
You now have 427 gold pieces (gained 17).
A two-headed ogre comes into view.
It is wielding a giant spiked club and a giant club.
The two-headed ogre shouts in stereo!
Aim: a two-headed ogre, wielding a giant spiked club and a giant club The ball explodes into a vile cloud!
The stinking cloud engulfs the two-headed ogre.
The stinking cloud engulfs you!
The two-headed ogre is engulfed in noxious fumes.
The two-headed ogre appears confused.
You now have 18/21 mp.
Aim: a two-headed ogre, wielding a giant spiked club and a giant club (noxious fumes, lightly wounded, confused)
The splash of poison hits the two-headed ogre.
The two-headed ogre is poisoned.
You feel slightly less full.
The two-headed ogre is engulfed in noxious fumes.
You sock the two-headed ogre!
Your bones ache.
You sock the two-headed ogre! You freeze the two-headed ogre.
Aim: a two-headed ogre, wielding a giant spiked club and a giant club (heavily wounded, poisoned, confused)
You throw a stone.
The stone hits the two-headed ogre but does no damage.
The two-headed ogre seems less confused.
The two-headed ogre looks more healthy.
You hit the two-headed ogre.
The two-headed ogre suddenly stops moving!
The helpless two-headed ogre fails to defend itself.
You hit the two-headed ogre. You burn the two-headed ogre.
You have got your breath back.
The helpless two-headed ogre fails to defend itself.
You sock the two-headed ogre!
The two-headed ogre is poisoned.
The two-headed ogre is no longer paralysed.
The two-headed ogre hits you but does no damage.
The two-headed ogre hits you with a giant club!
You take 10 damage, and have 64/74 hp.
You barely miss the two-headed ogre.
The two-headed ogre hits you with a giant spiked club.
The two-headed ogre hits you with a giant club!
You take 9 damage, and have 55/74 hp.
You barely miss the two-headed ogre.
Aim: a two-headed ogre, wielding a giant spiked club and a giant club (almost dead, poisoned)
The magic dart hits the two-headed ogre.
The two-headed ogre hits you with a giant spiked club!!
The two-headed ogre hits you with a giant club!
* * * LOW HITPOINT WARNING * * *
You take 38 damage, and have 18/74 hp.
MASSIVE DAMAGE!!
You now have 19/21 mp.
Aim: a two-headed ogre, wielding a giant spiked club and a giant club (almost dead, poisoned)
The splash of poison hits the two-headed ogre.
The two-headed ogre appears unharmed.
You feel slightly less full.
The two-headed ogre hits you with a giant spiked club!!
You die...

######.# #...# #......# ##..# #.
#.###### #..# #. #.####### ##.#
.#. #.......# ### #.#
#....####.#####.# ... #.##
..........# #.##.# #...
#..##.....# #...(# ### #.##
#..##.##..# #.@O.###...#####.#
#..##.##..#####.##....?#.#.....#
#...#.##........###...##.#.###.##
#............##....#####.#.###...
#....#.#.#########.# #.#.##....
#..#...#.# #.# #......_..
#..#####.# #.# #.###....#
.........# #.# #.# #...##
#...###### #.# #.# ###.##


You could see a two-headed ogre.

Vanquished Creatures
  A two-headed ogre (D:7)
  Grinder (D:5)
  Menkaure (D:5)
  A water moccasin (D:7)
  Duvessa (D:5)
  Purgy (Sewer)
  2 orc warriors
  An ice beast (D:5)
  An ogre (D:4)
  2 centaurs
  A gnoll sergeant (D:8)
  A big kobold (D:7)
  3 bullfrogs
  Dowan (D:5)
  2 howler monkeys (D:5)
  A crimson imp (D:6)
  3 hounds
  A jelly (D:5)
  A bullfrog skeleton (D:5)
  2 centaur skeletons
  Crazy Yiuf (D:5)
  An iguana (D:5)
  3 orc priests
  Ijyb (D:5)
  4 orc wizards
  3 worker ants
  A hound skeleton (D:5)
  3 gnolls (D:8)
  A howler monkey skeleton (D:4)
  8 adders
  An ooze (D:1)
  2 adder skeletons
  An adder zombie (D:5)
  3 worms
  3 dart slugs
  6 leopard geckos
  27 orcs
  2 ball pythons
  6 giant cockroaches
  8 goblins
  8 hobgoblins
  3 jackals (D:1)
  3 quokkas
  4 bats
  7 frilled lizards
  17 kobolds
  2 leopard gecko zombies
  2 quokka skeletons (D:5)
  A quokka zombie (D:5)
  8 rats
168 creatures vanquished.

Notes
Turn   | Place    | Note
-------+----------+-------------------------------------------
     0 | D:1      | Yawgmoth the Naga Wizard began the quest for the Orb.
     0 | D:1      | Reached XP level 1. HP: 15/15 MP: 4/4
     0 | D:1      | Noticed a jelly
     0 | D:1      | Noticed a jelly
     1 | D:1      | Found a runed door.
   287 | D:1      | Reached XP level 2. HP: 22/22 MP: 0/6
   718 | D:1      | Reached skill level 2 in Conjurations
   906 | D:1      | Reached XP level 3. HP: 18/28 MP: 0/7
  1914 | D:2      | Reached XP level 4. HP: 36/36 MP: 2/9
  2090 | D:2      | Reached skill level 4 in Spellcasting
  2220 | D:2      | Found a shimmering altar of Xom.
  2295 | D:2      | Reached skill level 3 in Conjurations
  2617 | D:2      | Found a shattered altar of Ashenzari.
  3040 | D:2      | Learned a level 3 spell: Mephitic Cloud
  3061 | D:3      | Found a blossoming altar of Fedhas.
  3110 | D:3      | Found a glowing drain.
  3114 | Sewer    | Entered a sewer
  3128 | Sewer    | Reached XP level 5. HP: 42/42 MP: 6/11
  3229 | Sewer    | Noticed Purgy
  3237 | Sewer    | Killed Purgy
  3404 | D:3      | Reached skill level 4 in Conjurations
  3520 | D:3      | Reached XP level 6. HP: 49/49 MP: 4/13
  4086 | D:4      | Noticed a hand axe
  4091 | D:4      | Noticed a dagger
  4093 | D:4      | Reached skill level 5 in Spellcasting
  4136 | D:4      | Found a hide-covered altar of Uskayaw.
  4217 | D:4      | Found Vemetial's Jewellery Boutique.
  4359 | D:4      | Reached XP level 7. HP: 55/55 MP: 1/15
  4362 | D:4      | Reached skill level 5 in Conjurations
  4944 | D:5      | Entered Level 5 of the Dungeon
  5055 | D:5      | Reached skill level 6 in Spellcasting
  5160 | D:5      | Found a staircase to the Ecumenical Temple.
  5200 | D:5      | HP: 9/55 [ice beast (13)]
  5227 | D:5      | Reached skill level 6 in Conjurations
  5279 | D:5      | Noticed Menkaure
  5320 | D:5      | Noticed Ijyb
  5339 | D:5      | Killed Ijyb
  5345 | D:5      | Reached XP level 8. HP: 40/62 MP: 3/17
  5533 | D:5      | Noticed Grinder
  5546 | D:5      | Killed Grinder
  5656 | D:5      | Reached skill level 7 in Spellcasting
  5804 | D:5      | Reached skill level 7 in Conjurations
  5989 | D:4      | Learned a level 3 spell: Conjure Flame
  6026 | D:5      | Killed Menkaure
  6096 | Temple   | Entered the Ecumenical Temple
  6101 | Temple   | Became a worshipper of Vehumet
  6239 | D:5      | Found a runed door.
  6736 | D:5      | Noticed Dowan
  6737 | D:5      | Noticed Duvessa
  6743 | D:5      | Killed Duvessa
  6748 | D:5      | Killed Dowan
  6748 | D:5      | Reached XP level 9. HP: 68/68 MP: 4/20
  6891 | D:5      | Noticed Crazy Yiuf
  6902 | D:5      | Killed Crazy Yiuf
  6902 | D:5      | Reached skill level 8 in Conjurations
  7149 | D:6      | Reached skill level 8 in Spellcasting
  7611 | D:7      | Reached skill level 1 in Staves
  7881 | D:7      | Noticed a two-headed ogre
  7896 | D:7      | Reached skill level 1 in Fighting
  7896 | D:7      | Reached skill level 1 in Fire Magic
  7924 | D:7      | Reached * piety under Vehumet
  7924 | D:7      | Offered knowledge of Flame Tongue by Vehumet.
  8308 | D:7      | Killed a two-headed ogre
  8308 | D:7      | Reached skill level 2 in Fighting
  8308 | D:7      | Reached skill level 2 in Staves
  8308 | D:7      | Reached skill level 2 in Fire Magic
  8867 | D:8      | Found a snail-covered altar of Cheibriados.
  8896 | D:8      | Reached skill level 3 in Staves
  9227 | D:8      | Noticed a two-headed ogre
  9238 | D:8      | HP: 18/74 [two-headed ogre/giant spiked club (13)]
  9239 | D:8      | Slain by a two-headed ogre

Skill      XL: |  1  2  3  4  5  6  7  8  9 |
---------------+----------------------------+-----
Conjurations   | 2 3 4 6 7 8 |  8.7
Spellcasting   | 4 5 6 7 8 |  8.5
Staves         | 3 |  3.1
Fighting       | 2 |  2.8
Fire Magic     | 2 |  2.3
Dodging        | |  1.5
Stealth        | |  3.0
Summonings     | |  1.0
Translocations | |  1.0

Action                   |  1- 3 |  4- 6 |  7- 9 || total
-------------------------+-------+-------+-------++-------
Melee: Mace              |    15 |    15 |     8 ||    38
       Quarterstaff      |       |       |    29 ||    29
Throw: Stone             |       |       |     3 ||     3
 Cast: Magic Dart        |    86 |   122 |   260 ||   468
       Mephitic Cloud    |       |     5 |    27 ||    32
       Conjure Flame     |       |       |     5 ||     5
 Abil: Spit Poison       |     9 |     8 |    47 ||    64
  Use: Scroll            |       |       |    22 ||    22
 Stab: Confused          |       |       |     1 ||     1
       Paralysed         |       |       |     2 ||     2
  Eat: Ration            |     1 |       |     1 ||     2
       Chunk             |       |     6 |    22 ||    28
Armor: Robe              |     9 |     3 |       ||    12
       Troll leather arm |       |     5 |    35 ||    40
Dodge: Dodged            |    21 |    14 |    57 ||    92

Vault maps used:
D:1:      dpeg_arrival_caged_fury, serial_glass, glass_columns_a,
          glass_columns_a, glass_columns_a, glass_columns_a, glass_columns_a,
          glass_columns_b, glass_columns_a, glass_columns_b, glass_columns_b,
          glass_columns_a
D:2:      minmay_door_path, evilmike_ruin_ashenzari, marbit_many_paths,
          serial_aquarium, aquarium_bridge_straight,
          aquarium_bridge_long_separate, aquarium_window_1,
          aquarium_window_corridor_2, aquarium_window_fake, aquarium_view_2a,
          minmay_misc_feat_cross, hex_intersection
D:3:      lemuel_doored_altar, gup_sewer_entry_bowl
D:4:      dancing_weapons_uskayaw, serial_shops, shop, first_ration,
          feat_on_display
D:5:      minmay_temple_entry_statues_fountains, hangedman_decor_diamond_cutter,
          uniq_duvessa, uniq_crazy_yiuf_cottage, uniq_grinder, uniq_menkaure,
          uniq_ijyb
D:8:      nicolae_overflow_crystal_walls, grunt_lair_entry_orc_guard_hut,
          grunt_ogre_cave
Temple:   minmay_freezing_vapour_temple
Sewer:    sewer_co_purgy_island

Table legend:
 A = Turns spent in this place as a percentage of turns spent in the entire game.
 B = Non-inter-level travel turns spent in this place as a percentage of non-inter-level travel turns spent in the entire game.
 C = Inter-level travel turns spent in this place as a percentage of turns spent in this place.
 D = Turns resting spent in this place as a percentage of non-inter-level travel turns spent in this place.
 E = Turns spent auto-exploring this place as a percentage of non-inter-level travel turns spent in this place.
 F = Non-inter-level travel turns spent in this place divided by the number of levels of this place that you've seen.
                   A       B       C       D       E      F
               +-------+-------+-------+-------+-------+----------------------
         Total | 100.0 | 100.0 |   2.6 |  33.9 |  47.2 | 899.5
       Dungeon |  97.2 |  97.2 |   2.7 |  34.0 |  47.8 | 1092.4
        Temple |   0.1 |   0.1 |   0.0 |   0.0 |   0.0 |  11.0
         Sewer |   2.7 |   2.7 |   0.0 |  31.8 |  27.8 | 245.0
               +-------+-------+-------+-------+-------+----------------------

Table legend:
 A = Kills in this place as a percentage of kills in entire the game.
 B = Kills by you in this place as a percentage of kills by you in the entire game.
 C = Kills by friends in this place as a percentage of kills by friends in the entire game.
 D = Other kills in this place as a percentage of other kills in the entire game.
 E = Experience gained in this place as a percentage of experience gained in the entire game.
 F = Experience gained in this place divided by the number of levels of this place that you have seen.
                   A       B       C       D       E      F
               +-------+-------+-------+-------+-------+----------------------
         Total | 100.0 | 100.0 |   N/A | 100.0 | 100.0 | 432.2
       Dungeon |  95.2 |  95.0 |   N/A | 100.0 |  96.4 | 520.6
         Sewer |   4.8 |   5.0 |   N/A |   0.0 |   3.6 | 157.0
               +-------+-------+-------+-------+-------+----------------------
